 Dungeon Crawl Stone Soup version 0.22-a0-425-g89d60a1 (webtiles) character file.

182 Jynxie the Cudgeler (level 5, -6/34 HPs)
             Began as a Gargoyle Berserker on May 24, 2018.
             Was a Believer of Trog.
             Mangled by a two-headed ogre
             ... wielding a cursed -3 giant spiked club
              (10 damage)
             ... on level 3 of the Dungeon.
             The game lasted 00:05:36 (2718 turns).

Jynxie the Cudgeler (Gargoyle Berserker)            Turns: 2718, Time: 00:05:37

Health: -6/34      AC: 10    Str: 21    XL:     5   Next: 61%
Magic:  5/5        EV: 11    Int:  7    God:    Trog [**....]
Gold:   128        SH:  0    Dex: 10    Spells: 4/4 levels left

rFire    . . .     SeeInvis .   a - +0 mace
rCold    . . .     Gourm    .   (no shield)
rNeg     + . .     Faith    .   n - +0 ring mail
rPois    ∞         Spirit   .   (no helmet)
rElec    +         Reflect  .   g - -1 cloak (curse)
rCorr    .         Harm     .   (no gloves)
MR       .....                  r - +0 pair of boots
Stlth    ..........             (no amulet)
HPRegen  0.11/turn              (no ring)
MPRegen  0.09/turn              (no ring)

@: berserk cooldown
A: negative energy resistance 1, electricity resistance, unbreathing,
petrification resistance, rot immunity, AC +4
a: Berserk, Trog's Hand, Renounce Religion


You were on level 3 of the Dungeon.
You worshipped Trog.
Trog was pleased with you.
You were very hungry.

You visited 1 branch of the dungeon, and saw 3 of its levels.

You collected 128 gold pieces.

Inventory:

Hand Weapons
 a - a +0 mace (weapon)
 d - a +3 quarterstaff
   (You found it on level 3 of the Dungeon)
Armour
 g - a cursed -1 cloak (worn)
   (You found it on level 1 of the Dungeon)
 n - a +0 ring mail (worn)
   (You found it on level 2 of the Dungeon)
 r - a +0 pair of boots (worn)
   (You found it on level 3 of the Dungeon)
Jewellery
 j - an uncursed amulet of guardian spirit {unknown}
   (You found it on level 1 of the Dungeon)
Scrolls
 b - a scroll of identify {unknown}
 h - a scroll of teleportation {unknown}
 i - a scroll of noise {unknown}
 l - a scroll of immolation {unknown}
 m - 2 scrolls of amnesia {unknown}
 o - a scroll of magic mapping {unknown}
 q - 2 scrolls of remove curse {unknown}
Potions
 c - a potion of agility {unknown}
 f - 3 potions of curing {unknown}
 k - 2 potions of might {unknown}
 p - 2 potions of lignification {unknown}
Comestibles
 e - 8 rations {!d}


   Skills:
 + Level 4.7 Fighting
 * Level 5.3 Maces & Flails
 - Level 2.1 Armour
 - Level 1.5 Dodging


You had 4 spell levels left.
You didn't know any spells.
Your spell library was empty.

Dungeon Overview and Level Annotations

Branches:
Dungeon (3/15)

Altars:
Dithmenos
Elyvilon
Ru


Innate Abilities, Weirdness & Mutations

You are resistant to torment.
Your stone body is resilient. (AC +4)
You are immune to poison.
You resist negative energy. (rN+)
You are resistant to electric shocks. (rElec)
You can survive without breathing.
You are immune to petrification.
You are immune to rotting.


Message History

There is a stone staircase leading down here.
No target in view!
The adder bites you but does no damage.
You hit the adder. The adder barely misses you.
You closely miss the adder.
The adder bites you but does no damage. x2
You closely miss the adder. The adder closely misses you.
You sock the adder!
You kill the adder!
Trog accepts your kill.
A kobold comes into view. It is wielding a whip.
The kobold shouts!
A two-headed ogre comes into view.
It is wielding a giant spiked club and a giant club.
The two-headed ogre shouts in stereo!
A red film seems to cover your vision as you go berserk!
You feel yourself moving faster!
You feel mighty!
You are feeling very hungry.
You thump the kobold!
You kill the kobold!
Trog accepts your kill.
You sock the two-headed ogre! You bludgeon the two-headed ogre!!
The two-headed ogre closely misses you.
The two-headed ogre hits you with a giant club!
You barely miss the two-headed ogre.
The two-headed ogre hits you with a giant spiked club!
The two-headed ogre hits you with a giant club!
* * * LOW HITPOINT WARNING * * *
You feel a strong urge to attack something.
You feel your anger nearly subside.
You are no longer berserk.
You are exhausted.
You feel yourself slow down.
All of the chunks of flesh in your inventory have rotted away.
The two-headed ogre barely misses you. The two-headed ogre misses you.
Found an escape hatch in the floor.
The two-headed ogre closely misses you. x2
The two-headed ogre closely misses you.
The two-headed ogre hits you with a giant club.
* * * LOW HITPOINT WARNING * * *
There is a stone staircase leading down here.
The two-headed ogre hits you with a giant spiked club.
* * * LOW HITPOINT WARNING * * *
The two-headed ogre closely misses you. The two-headed ogre misses you.
The two-headed ogre hits you but does no damage.
The two-headed ogre barely misses you. x2
You see here a leather armour.
The two-headed ogre completely misses you.
The two-headed ogre closely misses you.
You feel yourself speed up.
The two-headed ogre hits you with a giant spiked club!
You die...

...........######..##
.#####......<.)(....#
..........######.#..#
.##.......# #<#..#
..#.......# #(#..#
#.##......# #.#..#
#.##......#### #.#..#
#.####.#.....# #.##.#
#.# ##....##.###@##.#
#.###.#.#......O.##.#
..##>###..##[##..##.#
#.#.## ##.##.##..##.#
#..## ##.......##.#
#.#.# ##.##.##.###.#
.....# #............#
#####.#.#.......#####
..##########


You could see a two-headed ogre.

Vanquished Creatures
  The ghost of Veiltonx the Caller, an amateur DESu (D:3)
  2 adders
  A worm (D:2)
  4 dart slugs
  3 leopard geckos
  2 giant cockroaches
  6 goblins
  3 hobgoblins
  4 jackals (D:1)
  7 bats
  A frilled lizard (D:2)
  4 kobolds
  6 rats
44 creatures vanquished.

Notes
Turn   | Place    | Note
-------+----------+-------------------------------------------
     0 | D:1      | Jynxie the Gargoyle Berserker began the quest for the Orb.
     0 | D:1      | Reached XP level 1. HP: 14/14 MP: 1/1
   491 | D:1      | Reached XP level 2. HP: 19/19 MP: 2/2
   915 | D:1      | Reached XP level 3. HP: 19/24 MP: 3/3
  1678 | D:2      | Reached skill level 4 in Maces & Flails
  1722 | D:2      | Reached ** piety under Trog
  1777 | D:2      | Found a shadowy altar of Dithmenos.
  1778 | D:2      | Found a white marble altar of Elyvilon.
  1778 | D:2      | Found a sacrificial altar of Ru.
  2138 | D:3      | Noticed Veiltonx's ghost (amateur DESu)
  2170 | D:3      | Reached XP level 4. HP: 18/29 MP: 4/4
  2509 | D:3      | Killed Veiltonx's ghost
  2509 | D:3      | Reached skill level 5 in Maces & Flails
  2509 | D:3      | Reached XP level 5. HP: 22/34 MP: 5/5
  2678 | D:3      | Noticed a two-headed ogre
  2718 | D:3      | Mangled by a two-headed ogre

Vault maps used:
D:1:      lemuel_arrival_broad_hall, feat_on_display
D:2:      grunt_temple_overflow_open
D:3:      first_ration, minmay_ogre_servants

Skill      XL: |  1  2  3  4 |
---------------+-------------+-----
Maces & Flails | 4 5 |  5.3
Fighting       | 4 |  4.7
Armour         | |  2.1
Dodging        | |  1.5

Action                   |  1- 3 |  4- 6 || total
-------------------------+-------+-------++-------
Melee: Mace              |   138 |    20 ||   158
Invok: Berserk           |     2 |     2 ||     4
  Eat: Chunk             |     6 |     2 ||     8
Armor: Animal skin       |    41 |       ||    41
       Ring mail         |    12 |     8 ||    20
       Leather armour    |     3 |       ||     3
Dodge: Dodged            |    87 |    19 ||   106

Table legend:
 A = Spawn XP
 B = Non-spawn XP
 C = Spawn XP percentage of total XP
 D = Spawn monster count
 E = Non-spawn monster count
 F = Spawn count percentage of total count
 G = Total turns spent on level
                    A         B        C        D         E        F      G
               +---------+---------+-------+---------+---------+-------+---------
         Total |       0 |     260 |   0.0 |       0 |      44 |   0.0 |  2718
               +---------+---------+-------+---------+---------+-------+---------
           D:1 |       0 |      39 |   0.0 |       0 |      20 |   0.0 |  1536
           D:2 |       0 |      39 |   0.0 |       0 |      15 |   0.0 |   768
           D:3 |       0 |     182 |   0.0 |       0 |       9 |   0.0 |   414
               +---------+---------+-------+---------+---------+-------+---------
